 Dungeon Sprint DCSS version 0.21.2 (webtiles) character file.

7 Fang the Skirmisher (level 2, -1/20 HPs)
             Began as a Gargoyle Berserker on Sept 27, 2018.
             Was a Follower of Trog.
             Slain by a worker ant (5 damage)
             ... in the Dungeon (Sprint VII: "The Pits").
             The game lasted 00:00:19 (195 turns).

Fang the Skirmisher (Gargoyle Berserker)             Turns: 195, Time: 00:00:19

Health: -1/20      AC:  5    Str: 20    XL:     2   Next: 4%
Magic:  2/2        EV: 12    Int:  7    God:    Trog [*.....]
Gold:   0          SH:  0    Dex:  9    Spells: 1/1 levels left

rFire    . . .     SeeInvis .   j - +2 hand axe
rCold    . . .     Gourm    .   (no shield)
rNeg     + . .     Faith    .   b - +0 animal skin
rPois    ∞         Spirit   .   (no helmet)
rElec    +         Reflect  .   (no cloak)
rCorr    .         Harm     .   (no gloves)
MR       .....     NoTele   +   (no boots)
Stlth    +.........             (no amulet)
HPRegen  0.06/turn              (no ring)
MPRegen  0.08/turn              (no ring)

@: no status effects
A: negative energy resistance 1, electricity resistance, unbreathing,
petrification resistance, rot immunity, AC +2
a: Berserk, Burn Spellbooks, Renounce Religion


You were in the Dungeon.
You worshipped Trog.
Trog was aware of your devotion.
You were not hungry.

You visited 1 branch

Inventory:

Hand Weapons
 j - a +2 hand axe (weapon)
Armour
 b - a +0 animal skin (worn)
Scrolls
 i - a scroll of blinking
 k - 3 scrolls of remove curse
 l - a scroll of summoning
Potions
 a - 2 potions of invisibility
 d - a potion of curing
 e - a potion of heal wounds
 f - a potion of haste
 g - 4 potions of magic
 h - 3 potions of berserk rage
Comestibles
 c - 9 rations


   Skills:
 + Level 4.1 Fighting
 + Level 3.5 Axes
 + Level 2.5 Armour
 + Level 1.9 Dodging


You had one spell level left.
You didn't know any spells.

Dungeon Overview and Level Annotations

Branches:
Dungeon (1/1)

Altars:
Cheibriados
Dithmenos
Elyvilon
Fedhas
Gozag
Hepliaklqana
Makhleb
Nemelex Xobeh
Okawaru
Qazlal
Ru
Sif Muna
Trog
Vehumet
Wu Jian
Xom
Yredelemnul
Zin
The Shining One
Beogh
Jiyva
Lugonu


Innate Abilities, Weirdness & Mutations

You are resistant to torment.
Your stone body is resilient. (AC +2)
You are immune to poison.
You resist negative energy. (rN+)
You are resistant to electric shocks. (rElec)
You can survive without breathing.
You are immune to petrification.
You are immune to rotting.


Message History

The worker ant bites you but does no damage.
You hit the worker ant but do no damage.
The worker ant barely misses you.
You closely miss the worker ant. The worker ant barely misses you.
You hit the worker ant.
The worker ant is lightly wounded.
The worker ant barely misses you. The worker ant bites you.
* * * LOW HITPOINT WARNING * * *
You hit the worker ant but do no damage.
The worker ant is lightly wounded.
The worker ant misses you.
You closely miss the worker ant.
The worker ant is lightly wounded.
The worker ant bites you.
* * * LOW HITPOINT WARNING * * *
You hit the worker ant but do no damage.
The worker ant is lightly wounded.
The worker ant bites you but does no damage.
The worker ant bites you.
You die...

########## ________.#
________.#
______...###########++
##########'##...........
#.?(.')))'.##......#..#.
##########.##...........
#......@...)'...........
#+#####a#####......#..#.
... #........... #####
####'#####++ #.......#
#.......# #.......#
#...<...# #.......#


You could see a worker ant.

Vanquished Creatures
  An ufetubus (D)
  An orc (D)
2 creatures vanquished.

Notes
Turn   | Place    | Note
-------+----------+-------------------------------------------
     0 | D        | Fang the Gargoyle Berserker began the quest for the Orb.
     0 | D        | Reached XP level 1. HP: 14/14 MP: 1/1
   143 | D        | Found a bloodstained altar of Trog.
   143 | D        | Found a deep blue altar of Sif Muna.
   143 | D        | Found a viscous altar of Jiyva.
   143 | D        | Found a hazy altar of Hepliaklqana.
   143 | D        | Found an opulent altar of Gozag.
   144 | D        | Found a glowing golden altar of the Shining One.
   144 | D        | Found a glowing silver altar of Zin.
   144 | D        | Found a basalt altar of Yredelemnul.
   144 | D        | Found a shimmering altar of Xom.
   144 | D        | Found an ornate altar of the Wu Jian Council.
   144 | D        | Found a sacrificial altar of Ru.
   144 | D        | Found a stormy altar of Qazlal.
   144 | D        | Found an iron altar of Okawaru.
   144 | D        | Found a sparkling altar of Nemelex Xobeh.
   144 | D        | Found a burning altar of Makhleb.
   144 | D        | Found a blossoming altar of Fedhas.
   144 | D        | Found a white marble altar of Elyvilon.
   144 | D        | Found a shadowy altar of Dithmenos.
   144 | D        | Found a snail-covered altar of Cheibriados.
   146 | D        | Found a radiant altar of Vehumet.
   146 | D        | Found a corrupted altar of Lugonu.
   146 | D        | Found a roughly hewn altar of Beogh.
   184 | D        | Noticed a worker ant
   184 | D        | Reached skill level 4 in Fighting
   184 | D        | Reached XP level 2. HP: 13/20 MP: 2/2
   195 | D        | Slain by a worker ant

Skill      XL: |  1 |
---------------+----+-----
Axes           | 3 |  3.5
Fighting       | 4 |  4.1
Armour         | |  2.5
Dodging        | |  1.9

Action                   || total
-------------------------++-------
Melee: Hand axe          ||    20
Invok: Berserk           ||     1
Armor: Animal skin       ||     4
Dodge: Dodged            ||    15
